TOP OF THE 1ST |
Georgetown Hoyas batting - Pitching for Colorado Buffaloes : LHP Robert Dean
|
Pitching: LHP Robert Dean
|
|
Batting: RHB Mitchell Pate
|
0-0: Ball 1-0: Foul Ball, location: 2F 1-1: Foul Ball, location: 2F 1-2: Ball 2-2: Fly out, F9 (Flyball, 9LMF)
|
Now in RF: Jeff Atkinson
|
|
Batting: RHB Terry Davis
|
0-0: Called Strike 0-1: Swinging Strike 0-2: Fly out, F6 (Popup, 6)
|
Batting: RHB Glenn Rojas
|
0-0: Called Strike 0-1: Ball 1-1: Swinging Strike 1-2: Fly out, F5 (Line Drive, 56)
|
Top of the 1st over - 0 run(s), 0 hit(s), 0 error(s), 0 left on base; Georgetown 0 - Colorado 0 |
BOTTOM OF THE 1ST |
Colorado Buffaloes batting - Pitching for Georgetown Hoyas : RHP Ira Saldaña
|
Pitching: RHP Ira Saldaña
|
|
Batting: SHB Justin Collier
|
0-0: Ball 1-0: Ball 2-0: Ball 3-0: Base on Balls
|
Batting: RHB Eddie Woods
|
0-0: Foul Ball, location: 2F 0-1: Ball 1-1: Ball 2-1: Called Strike 2-2: Ball Justin Collier steals 2nd base 3-2: SINGLE (Flyball, 89M) Justin Collier to third
|
Batting: LHB Claudio Jaramillo
|
0-0: Ball Eddie Woods steals 2nd base 1-0: Ground out 4-3 (Groundball, 4) Justin Collier scores Eddie Woods to third
|
Batting: RHB Preston Manning
|
0-0: Ball 1-0: Foul Ball, location: 2F 1-1: Called Strike 1-2: Ground out 5-3 (Groundball, 56S) Eddie Woods scores
|
Batting: LHB Wayne Morgan
|
0-0: Swinging Strike 0-1: Swinging Strike 0-2: Strikes out swinging
|
Bottom of the 1st over - 2 run(s), 1 hit(s), 0 error(s), 0 left on base; Georgetown 0 - Colorado 2 |
TOP OF THE 2ND |
Georgetown Hoyas batting - Pitching for Colorado Buffaloes : LHP Robert Dean
|
Batting: LHB Pedro Escobar
|
0-0: Fly out, F8 (Flyball, 8RS)
|
Batting: RHB Alex Hampton
|
0-0: Ball 1-0: Ball 2-0: SINGLE (Groundball, 56D)
|
Batting: SHB Bob Allen
|
0-0: 2-RUN HOME RUN (Flyball, 89XD), Distance : 366 ft
|
Batting: RHB Louis Miller
|
0-0: Ball 1-0: Foul Ball, location: 2F 1-1: Called Strike 1-2: Foul Ball, location: 2F 1-2: Strikes out swinging
|
Batting: RHB Earl Chase
|
0-0: Ground out 6-3 (Groundball, 6)
|
Top of the 2nd over - 2 run(s), 2 hit(s), 0 error(s), 0 left on base; Georgetown 2 - Colorado 2 |
BOTTOM OF THE 2ND |
Colorado Buffaloes batting - Pitching for Georgetown Hoyas : RHP Ira Saldaña
|
Batting: RHB Bill Peterson
|
0-0: Foul Ball, location: 2F 0-1: Ball 1-1: Ball 2-1: Ground out 6-3 (Groundball, 6)
|
Batting: SHB Edgardo Guzmán
|
0-0: Ball 1-0: Foul Ball, location: 2F 1-1: Ball 2-1: Called Strike 2-2: Ball 3-2: Strikes out swinging
|
Batting: RHB Jason Taylor
|
0-0: Ball 1-0: Fly out, F9 (Flyball, 9)
|
Bottom of the 2nd over - 0 run(s), 0 hit(s), 0 error(s), 0 left on base; Georgetown 2 - Colorado 2 |
TOP OF THE 3RD |
Georgetown Hoyas batting - Pitching for Colorado Buffaloes : LHP Robert Dean
|
Batting: RHB Bruce Foley
|
0-0: Ball 1-0: Ground out 5-3 (Groundball, 56)
|
Batting: RHB Mitchell Pate
|
0-0: Called Strike 0-1: Foul Ball, location: 2F 0-2: Ball 1-2: Foul Ball, location: 2F 1-2: Ball 2-2: Ground out 1-3 (Groundball, 15S)
|
Batting: RHB Terry Davis
|
0-0: Ball 1-0: Ball 2-0: Ball 3-0: Base on Balls
|
Batting: RHB Glenn Rojas
|
0-0: Ball 1-0: Reached on error, E5 (Groundball, 56) Terry Davis to second
|
Batting: LHB Pedro Escobar
|
0-0: Ground out 4-3 (Groundball, 4)
|
Top of the 3rd over - 0 run(s), 0 hit(s), 1 error(s), 2 left on base; Georgetown 2 - Colorado 2 |
BOTTOM OF THE 3RD |
Colorado Buffaloes batting - Pitching for Georgetown Hoyas : RHP Ira Saldaña
|
Batting: RHB Jeff Atkinson
|
0-0: Ball 1-0: Ground out 4-3 (Groundball, 34)
|
Batting: SHB Justin Collier
|
0-0: Ball 1-0: Foul Ball, location: 2F 1-1: Ball 2-1: Fly out, F1 (Line Drive, 15)
|
Batting: RHB Eddie Woods
|
0-0: Called Strike 0-1: Ball 1-1: Ball 2-1: Ball 3-1: Called Strike 3-2: Base on Balls
|
Batting: LHB Claudio Jaramillo
|
0-0: Ball 1-0: Foul Ball, location: 2F 1-1: Foul Ball, location: 2F 1-2: Foul Ball, location: 2F 1-2: Ball 2-2: Ball 3-2: Base on Balls Eddie Woods to second
|
Batting: RHB Preston Manning
|
0-0: Fielders Choice at 2nd, 5-4 (Groundball, 5)
|
Bottom of the 3rd over - 0 run(s), 0 hit(s), 0 error(s), 1 left on base; Georgetown 2 - Colorado 2 |
TOP OF THE 4TH |
Georgetown Hoyas batting - Pitching for Colorado Buffaloes : LHP Robert Dean
|
Batting: RHB Alex Hampton
|
0-0: Swinging Strike 0-1: Ball 1-1: Foul Ball, location: 2F 1-2: Ball 2-2: Ball 3-2: Strikes out swinging
|
Batting: SHB Bob Allen
|
0-0: DOUBLE (Flyball, 8LM)
|
Batting: RHB Louis Miller
|
0-0: Intentional Walk
|
Batting: RHB Earl Chase
|
0-0: Swinging Strike 0-1: Called Strike 0-2: Ball 1-2: Strikes out swinging
|
Batting: RHB Bruce Foley
|
0-0: Ball 1-0: Fly out, F9 (Flyball, 89D)
|
Top of the 4th over - 0 run(s), 1 hit(s), 0 error(s), 2 left on base; Georgetown 2 - Colorado 2 |
BOTTOM OF THE 4TH |
Colorado Buffaloes batting - Pitching for Georgetown Hoyas : RHP Ira Saldaña
|
Batting: LHB Wayne Morgan
|
0-0: Ball 1-0: Foul Ball, location: 2F 1-1: SINGLE (Groundball, 3D)
|
Batting: RHB Bill Peterson
|
0-0: Ball 1-0: Foul Ball, location: 2F 1-1: Ball 2-1: SINGLE (Groundball, 4MD) Wayne Morgan to second
|
Batting: SHB Edgardo Guzmán
|
0-0: Ball 1-0: Called Strike 1-1: Foul Ball, location: 2F 1-2: Ground out 6-3 (Groundball, 6S) Wayne Morgan to third Bill Peterson to second
|
Batting: RHB Jason Taylor
|
0-0: Ball Wild Pitch! Wayne Morgan scores Bill Peterson to third 1-0: Ball 2-0: Fly out, F8 (Flyball, 8RD) Runner from 3rd tags up, SCORES, no throw
|
Batting: RHB Jeff Atkinson
|
0-0: SINGLE (Line Drive, 8LS)
|
Batting: SHB Justin Collier
|
0-0: Called Strike 0-1: Foul Ball, location: 2F 0-2: Foul Ball, location: 2F 0-2: Ball 1-2: Fielders Choice at 2nd, 6-4 (Groundball, 6)
|
Bottom of the 4th over - 2 run(s), 3 hit(s), 0 error(s), 0 left on base; Georgetown 2 - Colorado 4 |
TOP OF THE 5TH |
Georgetown Hoyas batting - Pitching for Colorado Buffaloes : LHP Robert Dean
|
Batting: RHB Mitchell Pate
|
0-0: Foul Ball, location: 2F 0-1: Fly out, F9 (Flyball, 9LM)
|
Batting: RHB Terry Davis
|
0-0: Ball 1-0: Foul Ball, location: 2F 1-1: SINGLE (Line Drive, 78S)
|
Batting: RHB Glenn Rojas
|
0-0: Grounds into double play, 6-4-3 (Groundball, 6)
|
Top of the 5th over - 0 run(s), 1 hit(s), 0 error(s), 0 left on base; Georgetown 2 - Colorado 4 |
BOTTOM OF THE 5TH |
Colorado Buffaloes batting - Pitching for Georgetown Hoyas : RHP Ira Saldaña
|
Batting: RHB Eddie Woods
|
0-0: Called Strike 0-1: Swinging Strike 0-2: Ball 1-2: Strikes out looking
|
Batting: LHB Claudio Jaramillo
|
0-0: Ball 1-0: Foul Ball, location: 2F 1-1: Called Strike 1-2: Fly out, F8 (Flyball, 89M)
|
Batting: RHB Preston Manning
|
0-0: Swinging Strike 0-1: SOLO HOME RUN (Flyball, 7LD), Distance : 339 ft
|
Pitching: RHP Dan Gray
|
|
Batting: LHB Wayne Morgan
|
0-0: Foul Ball, location: 2F 0-1: Swinging Strike 0-2: Strikes out swinging
|
Bottom of the 5th over - 1 run(s), 1 hit(s), 0 error(s), 0 left on base; Georgetown 2 - Colorado 5 |
TOP OF THE 6TH |
Georgetown Hoyas batting - Pitching for Colorado Buffaloes : LHP Robert Dean
|
Batting: LHB Pedro Escobar
|
0-0: Called Strike 0-1: Ball 1-1: Foul Ball, location: 2F 1-2: Foul Ball, location: 2F 1-2: Ground out U3 (Groundball, 34)
|
Batting: RHB Alex Hampton
|
0-0: Called Strike 0-1: Foul Ball, location: 2F 0-2: Ball 1-2: SOLO HOME RUN (Flyball, 7D), Distance : 351 ft
|
Batting: SHB Bob Allen
|
0-0: Fly out, F8 (Flyball, 78D)
|
Batting: RHB Louis Miller
|
0-0: Ball 1-0: DOUBLE (Line Drive, 7LM)
|
Batting: RHB Earl Chase
|
0-0: Foul Ball, location: 2F 0-1: Called Strike 0-2: Strikes out swinging
|
Top of the 6th over - 1 run(s), 2 hit(s), 0 error(s), 1 left on base; Georgetown 3 - Colorado 5 |
BOTTOM OF THE 6TH |
Colorado Buffaloes batting - Pitching for Georgetown Hoyas : RHP Dan Gray
|
Batting: RHB Bill Peterson
|
0-0: Ball 1-0: Foul Ball, location: 2F 1-1: Called Strike 1-2: TRIPLE (Line Drive, 8RM)
|
Batting: SHB Edgardo Guzmán
|
0-0: Foul Ball, location: 2F 0-1: Fly out, F8 (Flyball, 78M) Runner from 3rd tags up, SCORES, throw made
|
Batting: RHB Jason Taylor
|
0-0: Ball 1-0: Called Strike 1-1: Foul Ball, location: 2F 1-2: Ball 2-2: Strikes out looking
|
Batting: RHB Jeff Atkinson
|
0-0: Called Strike 0-1: Ball 1-1: Called Strike 1-2: Foul Ball, location: 2F 1-2: Ball 2-2: Strikes out swinging
|
Bottom of the 6th over - 1 run(s), 1 hit(s), 0 error(s), 0 left on base; Georgetown 3 - Colorado 6 |
TOP OF THE 7TH |
Georgetown Hoyas batting - Pitching for Colorado Buffaloes : LHP Robert Dean
|
Batting: RHB Bruce Foley
|
0-0: Ball 1-0: Foul Ball, location: 2F 1-1: Swinging Strike 1-2: Ball 2-2: Foul Ball, location: 2F 2-2: Fly out, F9 (Flyball, 9S)
|
Pitching: RHP Nate Stephens
|
|
Batting: RHB Mitchell Pate
|
0-0: Ball 1-0: Fly out, F3 (Line Drive, 34)
|
Batting: RHB Terry Davis
|
0-0: Ball 1-0: Ball 2-0: Called Strike 2-1: Foul Ball, location: 2F 2-2: Ball 3-2: Foul Ball, location: 2F 3-2: Foul Ball, location: 2F 3-2: Base on Balls
|
Batting: RHB Glenn Rojas
|
0-0: Called Strike 0-1: Swinging Strike 0-2: Foul Ball, location: 2F 0-2: Ball 1-2: Fly out, F8 (Line Drive, 8RM)
|
Top of the 7th over - 0 run(s), 0 hit(s), 0 error(s), 1 left on base; Georgetown 3 - Colorado 6 |
BOTTOM OF THE 7TH |
Colorado Buffaloes batting - Pitching for Georgetown Hoyas : RHP Dan Gray
|
Batting: SHB Justin Collier
|
0-0: Called Strike 0-1: Foul Ball, location: 2F 0-2: Ball 1-2: Ball 2-2: Foul Ball, location: 2F 2-2: Foul Ball, location: 2F 2-2: Strikes out swinging
|
Batting: RHB Eddie Woods
|
0-0: Ball 1-0: Foul Ball, location: 2F 1-1: Ball 2-1: TRIPLE (Line Drive, 89M)
|
Batting: LHB Claudio Jaramillo
|
0-0: Intentional Walk
|
Batting: RHB Preston Manning
|
0-0: Ball 1-0: Called Strike 1-1: Grounds into double play, 6-4-3 (Groundball, 6)
|
Bottom of the 7th over - 0 run(s), 1 hit(s), 0 error(s), 1 left on base; Georgetown 3 - Colorado 6 |
TOP OF THE 8TH |
Georgetown Hoyas batting - Pitching for Colorado Buffaloes : RHP Nate Stephens
|
Batting: LHB Pedro Escobar
|
0-0: Called Strike 0-1: Foul Ball, location: 2F 0-2: Ball 1-2: Foul Ball, location: 2F 1-2: Ball 2-2: Strikes out looking
|
Batting: RHB Alex Hampton
|
0-0: Called Strike 0-1: Ball 1-1: Foul Ball, location: 2F 1-2: Strikes out swinging
|
Batting: SHB Bob Allen
|
0-0: Ball 1-0: Fly out, F8 (Flyball, 8RM)
|
Top of the 8th over - 0 run(s), 0 hit(s), 0 error(s), 0 left on base; Georgetown 3 - Colorado 6 |
BOTTOM OF THE 8TH |
Colorado Buffaloes batting - Pitching for Georgetown Hoyas : RHP Dan Gray
|
Batting: LHB Wayne Morgan
|
0-0: Fly out, F7 (Flyball, 7LSF)
|
Batting: RHB Bill Peterson
|
0-0: Ball 1-0: SINGLE (Line Drive, 8LS)
|
Batting: SHB Edgardo Guzmán
|
0-0: Called Strike 0-1: Swinging Strike 0-2: Strikes out swinging
|
Batting: RHB Jason Taylor
|
0-0: Ball 1-0: Ball 2-0: Ground out 5-3 (Groundball, 56S)
|
Bottom of the 8th over - 0 run(s), 1 hit(s), 0 error(s), 1 left on base; Georgetown 3 - Colorado 6 |
TOP OF THE 9TH |
Georgetown Hoyas batting - Pitching for Colorado Buffaloes : RHP Nate Stephens
|
Pitching: RHP Lawrence Miller
|
|
Batting: RHB Louis Miller
|
0-0: Fly out, F3 (Line Drive, 34)
|
Batting: RHB Earl Chase
|
0-0: Ball 1-0: Ball 2-0: SINGLE (Groundball, 56) (infield hit)
|
Batting: RHB Bruce Foley
|
0-0: Foul Ball, location: 2F 0-1: Ball 1-1: Ball 2-1: Foul Ball, location: 2F 2-2: Strikes out swinging
|
Batting: RHB Mitchell Pate
|
0-0: Called Strike 0-1: Foul Ball, location: 2F 0-2: Ball 1-2: Foul Ball, location: 2F 1-2: Strikes out looking
|
Top of the 9th over - 0 run(s), 1 hit(s), 0 error(s), 1 left on base; Georgetown 3 - Colorado 6 |
|